 Dungeon Crawl Stone Soup version 0.21-a0-221-gfe971b9 (webtiles) character file.

51 Zedayar the Sneak (level 3, -3/18 HPs)
             Began as a Spriggan Assassin on Aug 26, 2017.
             Slain by a worm (10 damage)
             ... on level 2 of the Dungeon.
             The game lasted 00:05:31 (1362 turns).

Zedayar the Sneak (Spriggan Assassin)               Turns: 1362, Time: 00:05:32

Health: -3/18      AC:  4    Str:  7    XL:     3   Next: 57%
Magic:  4/4        EV: 17    Int: 12    God:
Gold:   40         SH:  0    Dex: 18    Spells: 2/2 levels left

rFire    . . .     SeeInvis +   a - +2 dagger
rCold    . . .     Gourm    .   (shield restricted)
rNeg     . . .     Faith    .   c - +1 robe
rPois    .         Spirit   .   (helmet restricted)
rElec    .         Reflect  .   d - +0 cloak
rCorr    .         Harm     .   (gloves unavailable)
MR       .....                  (boots unavailable)
Stlth    ++++......             (no amulet)
HPRegen  0.06/turn              (no ring)
MPRegen  0.09/turn              (no ring)

@: very quick
A: unfitting armour, see invisible, herbivore 3, speed 3, slow metabolism 2
a: no special abilities


You were on level 2 of the Dungeon.
You were not hungry.

You visited 1 branch of the dungeon, and saw 2 of its levels.

You collected 40 gold pieces.

Inventory:

Hand Weapons
 a - a +2 dagger (weapon)
 b - a +0 blowgun
Missiles
 e - 8 poisoned needles
 f - 2 curare-tipped needles
Armour
 c - a +1 robe (worn)
 d - a +0 cloak (worn)
Scrolls
 h - a scroll of teleportation {unknown}
 i - a scroll of enchant armour
 k - 2 scrolls of identify
Comestibles
 g - 2 bread rations


   Skills:
 + Level 1.7 Fighting
 + Level 2.6 Short Blades
 + Level 2.2 Throwing
 + Level 1.9 Dodging
 * Level 7.3 Stealth


You had 2 spell levels left.
You didn't know any spells.

Dungeon Overview and Level Annotations

Branches:
Dungeon (2/15)

Altars:


Innate Abilities, Weirdness & Mutations

You are very small and have problems with some larger weapons.
You are too small for most types of armour.
You have supernaturally acute eyesight. (SInv)
You are a herbivore.
You cover ground extremely quickly.
You need consume almost no food.


Message History

The worm completely misses you.
You hit the worm but do no damage.
The worm is lightly wounded.
You hit the worm but do no damage.
The worm is lightly wounded.
You hit the worm.
The worm is lightly wounded.
The worm closely misses you.
You hit the worm.
The worm is moderately wounded.
You hit the worm.
The worm is heavily wounded.
The worm bites you.
You barely miss the worm.
The worm is heavily wounded.
You hit the worm.
The worm is heavily wounded.
The worm bites you!
Ouch! That really hurt!
You die...

#.# # #### ##.##.#
..# ##.>.#.#
#.###.###......#
.....###...#.#
#..####.##.##. #
#.............
#.#####.############
#.w@....# #########


You could see a worm.

Vanquished Creatures
  An adder (D:2)
  An ooze (D:2)
  A worm (D:2)
  A dart slug (D:1)
  A leopard gecko (D:1)
  A ball python (D:1)
  3 bats (D:1)
  A giant cockroach (D:1)
  8 goblins
  2 frilled lizards (D:2)
  7 kobolds
  5 rats (D:1)
32 creatures vanquished.

Notes
Turn   | Place    | Note
-------+----------+-------------------------------------------
     0 | D:1      | Zedayar the Spriggan Assassin began the quest for the Orb.
     0 | D:1      | Reached XP level 1. HP: 10/10 MP: 2/2
    29 | D:1      | Reached skill level 6 in Stealth
    98 | D:1      | Reached XP level 2. HP: 11/14 MP: 3/3
   896 | D:1      | Reached skill level 7 in Stealth
   896 | D:1      | Reached XP level 3. HP: 18/18 MP: 4/4
  1362 | D:2      | Slain by a worm

Vault maps used:
D:1:      dpeg_arrival_short_road, minmay_pentomino_o4
D:2:      minmay_misc_feat_plants, nicolae_tso_swordbearing_angel

Skill      XL: |  1  2 |
---------------+-------+-----
Stealth        | 6 7 |  7.3
Fighting       | |  1.7
Short Blades   | |  2.6
Throwing       | |  2.2
Dodging        | |  1.9

Action                   || total
-------------------------++-------
Melee: Dagger            ||    95
  Use: Scroll            ||     3
       Potion            ||     2
 Stab: Sleeping          ||    13
Armor: Robe              ||     4
Dodge: Dodged            ||    50

Table legend:
 A = Spawn XP
 B = Non-spawn XP
 C = Spawn XP percentage of total XP
 D = Spawn monster count
 E = Non-spawn monster count
 F = Spawn count percentage of total count
 G = Total turns spent on level
                    A         B        C        D         E        F      G
               +---------+---------+-------+---------+---------+-------+---------
         Total |       1 |      72 |   1.4 |       1 |      31 |   3.1 |  1362
               +---------+---------+-------+---------+---------+-------+---------
           D:1 |       0 |      41 |   0.0 |       0 |      24 |   0.0 |  1047
           D:2 |       1 |      31 |   3.1 |       1 |       7 |  12.5 |   315
               +---------+---------+-------+---------+---------+-------+---------
